 Dungeon Sprint DCSS version 0.14-a0-1613-gd720e3e (webtiles) character file.

830 Fv001 the Covert (level 7, -4/51 HPs)
             Began as a Gargoyle Fighter on Dec 24, 2013.
             Was a Believer of Okawaru.
             Shot with an arrow of flame by a centaur warrior (10 damage)
             ... in the Dungeon (Sprint IX: "|||||||||||||||||||||||||||||").
             The game lasted 00:04:30 (566 turns).

Fv001 the Covert (Gargoyle Fighter)                  Turns: 566, Time: 00:04:30

HP  -4/51        AC 21     Str 24      XL: 7   Next: 97%
MP   6/8         EV  6     Int 11      God: Okawaru [**....]
Gold 0           SH  0     Dex 10      Spells:  0 memorised,  6 levels left

rFire  . . .     SeeInvis .     v - +2 orc dire flail (crush)
rCold  . . .     Clarity  .     s - +0 plate armour
rNeg   + . .     Conserve .     (no shield)
rPois  +         rCorr    .     r - +0 helmet
rElec  +         rRot     +     (no cloak)
SustAb . .       Spirit   .     (no gloves)
rMut   .         Warding  .     q - +0 pair of dwarf boots
Saprov . . .     NoTele   +     (no amulet)
                                u - +3 ring of intelligence
                                t - +3 ring of strength

@: slightly resistant to hostile enchantments, extremely unstealthy
A: life protection 1, electricity resistance, unbreathing, petrification
resistance, AC +4
a: Heroism, Renounce Religion


You were in the Dungeon.
You worshipped Okawaru.
Okawaru was pleased with you.
You were not hungry.

You visited 1 branch

Inventory:

Hand weapons
 a - a +0,+0 mace
 o - the +3,+3 Elemental Staff {rElec rF++ rC++ MR++ AC+5}
   (You found it in the Dungeon)

   It affects your AC (+5).
   It greatly protects you from fire.
   It greatly protects you from cold.
   It insulates you from electricity.
   It affects your resistance to hostile enchantments.
 p - a +2,+3 war axe of chopping
 v - a +2,+2 orcish dire flail of crushing (weapon)
Armour
 b - a +0 scale mail
 c - a +0 shield
 q - a +0 pair of dwarven boots (worn)
 r - a +0 helmet (worn)
 s - a +0 plate armour (worn)
Magical devices
 n - a wand of draining (3)
Comestibles
 d - a bread ration
Scrolls
 j - a scroll of blinking
 l - 3 scrolls of remove curse
 m - 2 scrolls of amnesia
Jewellery
 t - a +3 ring of strength (left hand)
 u - a +3 ring of intelligence (right hand)
Potions
 e - 5 potions of curing
 f - a potion of invisibility
 g - a potion of speed
 h - 4 potions of magic
 i - a potion of heal wounds


   Skills:
 + Level 9.1 Fighting
 + Level 4.3 Axes
 + Level 6.1 Maces & Flails
 + Level 1.2 Staves
 + Level 9.0 Armour
 + Level 4.4 Dodging
 * Level 9.4 Stealth
   Level 6.8 Shields
 + Level 1.5 Evocations


You had 6 spell levels left.
You didn't know any spells.

Dungeon Overview and Level Annotations

Branches:
Dungeon (1/1)

Altars:
Ashenzari
Cheibriados
Elyvilon
Fedhas
Kikubaaqudgha
Makhleb
Nemelex Xobeh
Okawaru
Sif Muna
Trog
Vehumet
Xom
Yredelemnul
Zin
the Shining One


Innate Abilities, Weirdness & Mutations

You are resistant to torment.
You are immune to poison.
Your stone body is very resilient (AC +4).
You resist negative energy.
You are resistant to electric shocks.
You can survive without breathing.
You are immune to petrification.


Message History

Your Stealth skill gained 3 levels and is now at level 9!
Your Evocations skill increases to level 1!
You have reached level 7!
The bolt of negative energy hits the centaur warrior.
The centaur warrior is drained!
The centaur warrior is severely wounded.
This wand has 3 charges left.
The centaur warrior wields a bow.
The centaur warrior shoots an arrow of flame.
The arrow of flame hits you!
The troll shouts!
The two-headed ogre shouts in stereo!
The centaur warrior shoots an arrow of flame.
The arrow of flame hits you!
The centaur warrior shoots an arrow of flame.
The arrow of flame hits you!
* * * LOW HITPOINT WARNING * * *
There is an open door to the Dungeon, spattered with blood here.
You see here an arrow of flame.
The centaur warrior shoots an arrow of flame.
The arrow of flame hits you!
You die...

▓.▓
▓)▓
▓.▓
▓.▓
▓.▓
▓.▓
▓(▓
▓(▓
▓@▓
▓%▓
▓c▓
▓.▓
▓T▓
▓.▓
▓O▓
▓s▓
▓.▓


You could see a centaur warrior, a troll, a two-headed ogre and a giant
centipede.

Vanquished Creatures
  A hydra (D)
  An ice beast (D)
  A water moccasin (D)
  A killer bee (D)
  A crimson imp (D)
  A hound (D)
  2 orcs (D)
  A bat (D)
  3 hobgoblins (D)
  A jackal (D)
  2 goblins (D)
  A kobold (D)
  A rat (D)
17 creatures vanquished.

Notes
Turn   | Place    | Note
--------------------------------------------------------------
     0 | D        | Fv001, the Gargoyle Fighter, began the quest for the Orb.
     0 | D        | Reached XP level 1. HP: 14/14 MP: 1/1
    14 | D        | Reached skill level 1 in Stealth
    56 | D        | Noticed an ice beast
    56 | D        | Noticed a hound
    56 | D        | Noticed a crimson imp
    69 | D        | Killed an ice beast
    69 | D        | Reached skill level 5 in Fighting
    69 | D        | Reached skill level 5 in Armour
    69 | D        | Reached skill level 5 in Shields
    69 | D        | Reached XP level 2. HP: 22/22 MP: 2/2
    69 | D        | Reached XP level 3. HP: 27/27 MP: 3/3
    69 | D        | Reached XP level 4. HP: 32/32 MP: 4/4
    73 | D        | Killed a hound
    73 | D        | Reached skill level 6 in Fighting
    73 | D        | Reached XP level 5. HP: 37/37 MP: 5/5
    96 | D        | Killed a crimson imp
    96 | D        | Reached skill level 1 in Dodging
    96 | D        | Reached skill level 5 in Stealth
   104 | D        | Found a white marble altar of Elyvilon.
   104 | D        | Found a blossoming altar of Fedhas.
   104 | D        | Found a shattered altar of Ashenzari.
   104 | D        | Found a radiant altar of Vehumet.
   104 | D        | Found a glowing silver altar of Zin.
   104 | D        | Found a shimmering altar of Xom.
   104 | D        | Found a burning altar of Makhleb.
   105 | D        | Found a deep blue altar of Sif Muna.
   106 | D        | Found an ancient bone altar of Kikubaaqudgha.
   107 | D        | Found a snail-covered altar of Cheibriados.
   108 | D        | Found a basalt altar of Yredelemnul.
   109 | D        | Found a glowing golden altar of the Shining One.
   110 | D        | Found a sparkling altar of Nemelex Xobeh.
   111 | D        | Found a bloodstained altar of Trog.
   112 | D        | Found an iron altar of Okawaru.
   113 | D        | Found a burning altar of Makhleb.
   114 | D        | Found an ancient bone altar of Kikubaaqudgha.
   121 | D        | Became a worshipper of Warmaster Okawaru
   169 | D        | Noticed a water moccasin
   169 | D        | Noticed a killer bee
   182 | D        | Killed a water moccasin
   182 | D        | Reached skill level 7 in Fighting
   182 | D        | Reached skill level 1 in Axes
   185 | D        | Reached XP level 6. HP: 34/44 MP: 6/6
   194 | D        | Killed a killer bee
   314 | D        | Noticed an eight-headed hydra
   314 | D        | Noticed a centaur warrior
   314 | D        | Noticed a troll
   314 | D        | Noticed a two-headed ogre
   314 | D        | Noticed a manticore
   322 | D        | HP: 2/44 [eight-headed hydra (2)]
   564 | D        | Killed an eight-headed hydra
   564 | D        | Acquired Okawaru's first power
   564 | D        | Reached skill level 9 in Fighting
   564 | D        | Reached skill level 1 in Staves
   564 | D        | Reached skill level 1 in Evocations
   564 | D        | Reached XP level 7. HP: 48/51 MP: 6/8
   566 | D        | Shot with an arrow of flame by a centaur warrior

Action                   |  1- 3 |  4- 6 |  7- 9 || total
-------------------------+-------+-------+-------++-------
Melee: Mace              |    23 |    23 |       ||    46
       War axe           |       |    25 |       ||    25
       Staff             |       |     6 |       ||     6
Evoke: Wand              |       |     3 |     1 ||     4
  Use: Potion            |     2 |     1 |       ||     3
       Scroll            |       |     1 |       ||     1
